Unix NetHack Version 5.0.0-0 post-release - last build May 31 2026 23:59:36 (970b52f25bf058293b47ddfd14a1e40e571c508c,branch:main).

Game began 2026-06-02 09:33:55, ended 2026-06-02 09:50:04.

Hellbent, neutral male gnomish Healer

                        --------------------------------
                        |..............`.............o.|
                        | --+-----..{.---------|------@|
                                 |.----       |.    .oo|
                                 |.+          |{. ...|.|
                                 |.|          -------|.|
                                 -.-                 |.|
                                  .                  |.
                                 --                  |.|
                                                     |@|
                                                     |.|
                                                     |.|
                                                     |.|
                                                     |.|
                                                     -.
                                                      .|
                                                     ---

Hellbent the Rhizotomist     St:7 Dx:11 Co:15 In:10 Wi:15 Ch:17  Neutral
Dlvl:7  $:1800 HP:0(14) Pw:5(5) AC:1  Xp:1 T:1432  Burdened

Latest messages:
 What do you want to ready? [$apA or ?*] E
 E - a hooded cloak (at the ready).
 What do you want to drop? [$abd-np-sw-zA-E or ?*] p
 You drop a beaked polearm.
 You see here a beaked polearm.
 You have a little trouble lifting p - a beaked polearm.
 You see here a rock.
 A trap door opens up under you!
 You hear someone praising Athena.
 You hear a door open.
 You hear a door open.
 You hear a door open.
 Pick a monster, object or location.
 You stop.  The monkey is in the way!
 What do you want to write with? [- agmp-rAC or ?*] -
 You write in the dust with your fingertip.
 What do you want to write in the dust here? Elbereth
 The monkey hits!
 The monkey tries to steal your shoes but gives up.
 The monkey bites!
 What do you want to write with? [- agmp-rAC or ?*] -
 Do you want to add to the current engraving? [ynq] (y) n
 You wipe out the message that was written in the dust here.
 You write in the dust with your fingertip.
 What do you want to write in the dust here? Elbereth
 The monkey turns to flee.
 The hobbit throws a runed dagger!
 A runed dagger misses you.
 You have a little trouble lifting F - a runed dagger.
 The hobbit turns to flee.
 You stop.  The monkey is in the way!
 You hear a door open.
 You swap places with the peaceful monkey.
 The door opens.
 What do you want to write with? [- agmp-rACF or ?*] -
 You write in the dust with your fingertip.
 What do you want to write in the dust here? Elbereth
 The hill orc turns to flee.
 The hill orc misses!
 The hill orc hits!
 The hill orc swings her curved sword.
 The hill orc hits!
 The hill orc thrusts her crude dagger.
 The hill orc hits!
 You die...
 Do you want your possessions identified? [ynq] (y) n
 Do you want to see your attributes? [ynq] (y) n
 Do you want an account of creatures vanquished? [ynaq] (y) n
 Do you want to see your conduct and achievements? [ynq] (y) y
 Do you want to see the dungeon overview? [ynq] (y) n

Inventory:
 Coins    ('$')
  $ - 1800 gold pieces
 Weapons  (')')
  A - a rustproof +0 dagger
  C - a +0 dagger (weapon in right hand)
  F - a +0 elven dagger
  a - a +0 scalpel
  p - a +4 bec de corbin
 Armor    ('[')
  b - an uncursed +1 pair of leather gloves (being worn)
  D - an uncursed +0 pair of iron shoes (being worn)
  E - an uncursed +0 dwarvish cloak (at the ready)
  B - an uncursed +0 elven mithril-coat (being worn)
 Comestibles  ('%')
  w - 3 uncursed apples
  z - an uncursed candy bar labeled "The Small Bar"
  n - an uncursed food ration
 Scrolls  ('?')
  y - an uncursed scroll of light
  l - a cursed scroll of light
  x - an uncursed scroll of taming
 Spellbooks  ('+')
  i - a blessed spellbook of extra healing
  h - a blessed spellbook of healing
  j - a blessed spellbook of stone to flesh
 Potions  ('!')
  f - a blessed potion of extra healing
  e - 3 uncursed potions of extra healing
  d - 2 uncursed potions of healing
 Rings    ('=')
  m - an uncursed ring of searching
 Wands    ('/')
  r - a wand of magic missile (0:6)
  g - a wand of sleep (0:8)
  q - a wand of teleportation (0:4)
 Tools    ('(')
  k - an uncursed skeleton key
  s - an uncursed stethoscope

Hellbent the Healer's attributes:

Background:
 You were a Rhizotomist, a level 1 male gnomish Healer.
 You were neutral, nominally on a mission for Hermes
 who was opposed by Athena (lawful) and Poseidon (chaotic).
 You were right-handed.
 You were in the Gnomish Mines, on level 7.
 You entered the dungeon 1432 turns ago.
 There was a full moon in effect when your adventure ended.
 You had 17 experience points, 3 more were needed to attain level 2.

Basics:
 You had 0 out of 14 hit points.
 You had all 5 energy points (spell power).
 Your armor class was 1.
 Your wallet contained 1800 zorkmids.
 Autopickup was off.

Final Characteristics:
 Your strength was 7 (limit:18/50).
 Your dexterity was 11 (limit:18).
 Your constitution was 15 (limit:18).
 Your intelligence was 10 (limit:19).
 Your wisdom was 15 (limit:18).
 Your charisma was 17 (limit:18).

Final Status:
 You weren't hungry.
 You were burdened; movement was slightly slowed.
 You were wielding a dagger.
 You were unskilled in dagger.

Final Attributes:
 You were fervently aligned.
 You were poison resistant.
 You had infravision.
 You were guarded.
 Your spell casting was impaired by metallic armor.
 You were lucky.
 You are dead.

Miscellaneous:
 You didn't encounter any bones levels.
 Total elapsed playing time was 16 minutes and 8 seconds.

Major events:
 Turn
    1: Hellbent the neutral male gnomish Healer entered the dungeon
  796: entered the Gnomish Mines
 1390: reached Mine Town
 1432: killed by a hill orc

Spells:
 Name                 Level Category     Fail Retention
 healing                1   healing       58%  91%-100%
 extra healing          3   healing       97%  91%-100%
 stone to flesh         3   healing      100%  91%-100%

Skills:
 Fighting Skills
   bare handed combat [Unskilled]
 Weapon Skills
   dagger             [Unskilled]
   knife              [Basic]
   short sword        [Unskilled]
   saber              [Unskilled]
   club               [Unskilled]
   mace               [Unskilled]
   quarterstaff       [Unskilled]
   polearms           [Unskilled]
   spear              [Unskilled]
   trident            [Unskilled]
   sling              [Unskilled]
   dart               [Unskilled]
   shuriken           [Unskilled]
   unicorn horn       [Unskilled]
 Spellcasting Skills
   healing spells     [Basic]

Voluntary challenges:
 Character rerolling was not enabled.
 You followed a strict vegan diet.
 You were an atheist.
 You never genocided any monsters.
 You never polymorphed an object.
 You never changed form.
 You used no wishes.
Achievements:
 You entered a shop.
 You entered the Gnomish Mines.
 You entered Minetown.

 The Dungeons of Doom: levels 1 to 4
    Level 1:
       A fountain.
    Level 2:
    Level 3:
       Some fountains.
    Level 4:
       A potion shop.
       Stairs down to The Gnomish Mines.
 The Gnomish Mines: levels 5 to 7
    Level 5:
    Level 6:
    Level 7: <- You were here.
       A fountain, a sink.
       Final resting place for
          you, killed by a hill orc.


Vanquished creatures:
  a dwarf
  2 hobbits
  a large kobold
  a cave spider
  a yellow mold
  a gnome
  a garter snake
  2 geckos
  2 foxes
  2 grid bugs
  2 bats
  a lichen
  a newt
18 creatures vanquished.

No species were genocided or became extinct.

Game over:
                       ----------
                      /          \
                     /    REST    \
                    /      IN      \
                   /     PEACE      \
                  /                  \
                  |     Hellbent     |
                  |     1800 Au      |
                  | killed by a hill |
                  |       orc        |
                  |                  |
                  |                  |
                  |       2026       |
                 *|     *  *  *      | *
        _________)/\\_//(\/(/\)/\//\/|_)_______

Goodbye Hellbent the Healer...

You died in The Gnomish Mines on dungeon level 7 with 447 points,
and 1800 pieces of gold, after 1432 moves.
You were level 1 with a maximum of 14 hit points when you died.

